 Dungeon Crawl Stone Soup version 0.29.0-7-g18a832c13a (webtiles) character file.

Game seed: 3348995668819704896

9 LunaticDancer the Ruffian (level 2, 26/26 HPs)
             Began as a Troll Transmuter on Aug 31, 2022.
             Quit the game on level 1 of the Dungeon.
             The game lasted 00:01:44 (139 turns).

LunaticDancer the Ruffian (Troll Transmuter)         Turns: 139, Time: 00:01:44

Health: 26/26      AC:  4    Str: 17    XL:     2   Next: 6%
Magic:  3/3        EV:  9    Int:  9    God:
Gold:   7          SH:  0    Dex: 10    Spells: 2/3 levels left

rFire   . . .      SeeInvis .     - Unarmed
rCold   . . .      Faith    .   (no shield)
rNeg    . . .      Spirit   .   a - +0 robe
rPois   .          Reflect  .   (helmet restricted)
rElec   .          Harm     .   (no cloak)
rCorr   .          Rampage  .   (gloves unavailable)
Will    .....                   (boots unavailable)
Stlth   +.........              (no amulet)
HPRegen 0.88/turn               (no ring)
MPRegen 0.08/turn               (no ring)

@: no status effects
A: large, unfitting armour, claws 3, regeneration 1, shaggy fur 1, tough skin 1
a: no special abilities


You were on level 1 of the Dungeon.
You visited 1 branch of the dungeon, and saw 1 of its levels.

You collected 7 gold pieces.

Inventory:

Armour
 a - a +0 robe (worn)
Scrolls
 c - a scroll of blinking {unknown}
Potions
 b - a potion of lignification


   Skills:
 + Level 0.7 Fighting
 + Level 1.7 Dodging
 + Level 3.2 Unarmed Combat
 + Level 1.3 Spellcasting
 + Level 1.5 Transmutations


You had 2 spell levels left.
You knew the following spells:

 Your Spells              Type           Power      Damage    Failure   Level
a - Beastly Appendage     Tmut           6%         N/A       19%         1

Your spell library contained the following spells:

 Spells                   Type           Power      Damage    Failure   Level
 Wereblood                Tmut           3%         N/A       28%         2
 Spider Form              Tmut/Pois      2%         N/A       61%         3
 Ice Form                 Ice/Tmut       2%         N/A       95%         4


Dungeon Overview and Level Annotations

Branches:
Dungeon (1/15)

Altars:


Innate Abilities, Weirdness & Mutations

You are too large for most types of armour.
You have claws for hands.
Your natural rate of healing is unusually fast.
You are covered in fur. (AC +1)
You have tough skin. (AC +1)


Message History

A dart slug and a giant cockroach come into view.
The giant cockroach bites you but does no damage.
You scratch the giant cockroach.
The giant cockroach is moderately wounded.
The giant cockroach barely misses you.
You barely miss the giant cockroach.
The giant cockroach is moderately wounded.
The dart slug launches a dart at you. The slug dart misses you.
The slug dart hits the giant cockroach.
The giant cockroach dies!
You scratch the dart slug but do no damage.
You claw the dart slug!
The dart slug is almost dead.
The dart slug launches a dart at you. The slug dart hits you.
You scratch the dart slug.
You kill the dart slug!
No target in view!
HP restored.
A kobold comes into view. It is wielding a +0 short sword.
The kobold shouts!
The kobold throws a stone.
The stone barely misses you.
Casting: Beastly Appendage (safe; 21% risk of failure)
Confirm with . or Enter, or press ? or * to list all spells.
You grow a pair of large bovine horns.
Your feet morph into talons.
The kobold hits you with a +0 short sword.
You closely miss the kobold. You claw the kobold, but do no damage.
The kobold hits you with a +0 short sword.
You miss the kobold. Your kick misses the kobold. You headbutt the kobold.
You kill the kobold!
Your transformation is almost over.
Your horns disappear.
Your talons disappear.
Things that are here:
a +0 short sword; 3 stones; a kobold corpse You now have 7 gold pieces.
A dart slug comes into view.
You claw the dart slug!
You kill the dart slug!
You have reached level 2!
Are you sure you want to abandon this character and quit the game? (Confirm with "yes".)

...#..........#
...........##.#
...#.......##.#
...#.......##.#
≈..##########.#
≈≈..## #.# #
.≈≈..# #.# ..#
♣.≈≈.#
#.#####...#
...≈.#
#...@†....#
...≈.#
###.##......
..≈≈.. #.#
#..## .≈≈...
#.# .# ≈≈....
#.. ≈..#.# ###
..## . ###


There were no monsters in sight!

Vanquished Creatures
  2 dart slugs (D:1)
  A ball python (D:1)
  An endoplasm (D:1)
  A kobold (D:1)
5 creatures vanquished.

Vanquished Creatures (others)
  A giant cockroach (D:1)
1 creature vanquished.

Grand Total: 6 creatures vanquished

Notes
Turn   | Place    | Note
-------+----------+-------------------------------------------
     0 | D:1      | LunaticDancer the Troll Transmuter began the quest for the
                  | Orb.
     0 | D:1      | Reached XP level 1. HP: 18/18 MP: 1/1
   139 | D:1      | Reached XP level 2. HP: 26/26 MP: 3/3
   139 | D:1      | Quit the game

Illustrated notes

Levels and vault maps discovered:
D:1:      moated_graveyard_arrival, layout_loops_corners, roderic_lattice_a,
          minivault_26

Action                   || total
-------------------------++-------
Melee: Unarmed           ||    11
       Kick              ||     1
       Headbutt          ||     1
 Cast: Beastly Appendage ||     3
Armor: Robe              ||     2
Dodge: Dodged            ||     4
